AoeStats
← tavoo

Hideout

509419444Analyzed
1v1 RM · 7d ago on Sep 26, 2026· 17m 37s· 2 players
Game mode
Random Map
Map size
Tiny (2 player)
Population
200
Speed
Normal
Resources
Standard
Victory
Conquest
Starting age
Dark Age
Ending age
Imperial Age
RankedLock teamsTeams togetherTeam positionsShared explorationLock speedFull tech treeHidden civsTurbo modeCheats
Victory
Defeat
🇲🇽 Franks · Mexico
1396
+16
🇬🇧 Khmer · United Kingdom
1401
-16
tavoo
9:15 Feudal Age
9:43 Double-Bit Axe
15:18 Castle Age
Rdog998
10:21 Feudal Age
13:52 Castle Age
12:10 Double-Bit Axe
14:51 Bow Saw
14:45 Horse Collar
15:36 Scale Barding Armor
16:24 Bow Saw
Connection lost

Rejoining the realm…

Still unreachable

The connection could not be restored.

Session expired

The server has moved on; the page needs a fresh start.